 Dungeon Crawl Stone Soup version 0.28-a0-407-g69098e2f6d (webtiles) character file.

Game seed: 10407848208914070578

119548 Demosthentine the Impaler (level 16, -5/137 HPs)
             Began as a Merfolk Gladiator on Sept 6, 2021.
             Was the Champion of the Shining One.
             Killed by divine providence
             ... invoked by a smoke demon
             ... summoned by an orc high priest
              (16 damage)
             ... on level 2 of the Orcish Mines.
             The game lasted 00:37:39 (23597 turns).

Demosthentine the Impaler (Merfolk Gladiator)      Turns: 23597, Time: 00:37:41

Health: -5/137     AC: 21    Str: 14      XL:     16   Next: 79%
Magic:  21/24      EV: 28    Int:  7 (9)  God:    the Shining One [******]
Gold:   1577       SH:  7    Dex: 28      Spells: 15/15 levels left

rFire   . . .      SeeInvis .   E - +5 trident (freeze)
rCold   + + .      Faith    .   x - +0 buckler
rNeg    + + +      Spirit   .   d - +4 ring mail "Bug Nicsa" {rElec rPois rC+}
rPois   +          Reflect  .   (helmet restricted)
rElec   +          Harm     .   b - +0 cloak {rPois}
rCorr   .          Rampage  .   k - +2 pair of gloves {Dex+3}
Will    +....                   m - +2 pair of boots
Stlth   +.........              s - amulet of regeneration
HPRegen 1.32/turn               I - +6 ring of dexterity
MPRegen 0.19/turn               f - ring of protection from cold

@: glowing, studying Armour
A: (nimble swimmer 2), mertail, beak, iridescent scales 1, weak 1, subdued magic
1
a: Renounce Religion, Divine Shield, Cleansing Flame, Summon Divine Warrior,
Brand Weapon With Holy Wrath


You were on level 2 of the Orcish Mines.
You worshipped the Shining One.
The Shining One was exalted by your worship.
You visited 4 branches of the dungeon, and saw 24 of its levels.
You also visited: Ossuary.

You collected 2233 gold pieces.
You spent 656 gold pieces at shops.

Inventory:

Hand Weapons
 E - a +5 trident of freezing (weapon)
Armour
 b - a +0 cloak of poison resistance (worn)
 c - a +0 helmet
 d - the +4 ring mail "Bug Nicsa" (worn) {rElec rPois rC+}
   (You bought it in a shop on level 1 of the Orcish Mines)

   rC:        It protects you from cold.
   rElec:     It insulates you from electricity.
   rPois:     It protects you from poison.
 k - a +2 pair of gloves of dexterity (worn)
 m - a +2 pair of boots (worn)
 x - a +0 buckler (worn)
 G - a +0 troll leather armour
Jewellery
 f - a ring of protection from cold (right hand)
 s - an amulet of regeneration (around neck)
 u - a ring of protection from cold
 I - a +6 ring of dexterity (left hand)
Wands
 a - a wand of acid (23)
 n - a wand of flame (27)
 r - a wand of iceblast (13)
 B - a wand of mindburst (26)
 H - a wand of digging (9)
Scrolls
 e - 5 scrolls of identify
 h - a scroll of silence
 j - 15 scrolls of teleportation
 J - 2 scrolls of magic mapping
 M - 4 scrolls of blinking
Potions
 g - a potion of might
 o - 4 potions of attraction
 t - 4 potions of cancellation
 w - 11 potions of curing
 z - 4 potions of resistance
 D - 5 potions of haste


   Skills:
 + Level 15.6 Fighting
 + Level 19.7 Polearms
 - Level 2.0 Throwing
 + Level 10.0 Armour
 + Level 18.3 Dodging
 - Level 4.0 Shields
 - Level 11.7 Invocations


You had 15 spell levels left.
You didn't know any spells.
Your spell library contained the following spells:

 Spells                   Type           Power      Damage    Failure   Level
 Beastly Appendage        Tmut           0%         N/A       58%         1
 Foxfire                  Conj/Fire      0%         2x1d4     58%         1
 Pain                     Necr           0%         1d4       58%         1
 Sandblast                Erth           0%         2d4       58%         1
 Summon Small Mammal      Summ           0%         N/A       58%         1
 Passwall                 Tmut/Erth      0%         N/A       73%         2
 Scorch                   Fire           0%         2d5       73%         2
 Sublimation of Blood     Necr           0%         N/A       73%         2
 Wereblood                Tmut           0%         N/A       73%         2
 Call Canine Familiar     Summ           0%         N/A       92%         3
 Conjure Flame            Conj/Fire      0%         6-21      92%         3
 Dazzling Flash           Conj/Hex       0%         N/A       92%         3
 Ignite Poison            Fire/Tmut/Pois 0%         N/A       92%         3
 Inner Flame              Hex/Fire       0%         N/A       92%         3
 Ozocubu's Armour         Ice            0%         N/A       92%         3
 Spider Form              Tmut/Pois      0%         N/A       92%         3
 Stone Arrow              Conj/Erth      0%         3d7       92%         3
 Flame Wave               Conj/Fire      0%         3d3       100%        4
 Hailstorm                Conj/Ice       0%         3d3       100%        4
 Ice Form                 Ice/Tmut       0%         N/A       100%        4
 Olgreb's Toxic Radiance  Pois           0%         N/A       100%        4
 Sticky Flame             Conj/Fire      0%         2d3       100%        4
 Agony                    Necr           0%         N/A       100%        5
 Blade Hands              Tmut           0%         N/A       100%        5
 Excruciating Wounds      Necr           0%         N/A       100%        5
 Fireball                 Conj/Fire      0%         3d3       100%        5
 Irradiate                Conj/Tmut      0%         3d13      100%        5
 Silence                  Hex/Air        0%         N/A       100%        5
 Conjure Ball Lightning   Conj/Air       0%         3x3d6     100%        6
 Simulacrum               Ice/Necr       0%         N/A       100%        6
 Summon Cactus Giant      Summ           0%         N/A       100%        6
 Dragon Form              Tmut           0%         N/A       100%        7
 Ozocubu's Refrigeration  Ice            0%         4d5       100%        7
 Summon Hydra             Summ           0%         N/A       100%        7
 Borgnjor's Revivificati  Necr           0%         N/A       100%        8
 Discord                  Hex            0%         N/A       100%        8
 Disjunction              Tloc           0%         N/A       100%        8
 Ignition                 Fire           0%         3d3       100%        8
 Necromutation            Tmut/Necr      0%         N/A       100%        8
 Death's Door             Necr           0%         N/A       100%        9


Dungeon Overview and Level Annotations

Branches:
Dungeon (15/15)            Temple (1/1) D:6            Lair (6/6) D:11
  Swamp (0/4) Lair:2       Spider (0/4) Lair:3        Slime (0/5) Lair:5
    Orc (2/2) D:10            Elf (0/3) Orc:2        Vaults (0/5) D:14
 Depths (0/5) D:15        Ossuary (visited)

Altars:
Ashenzari
Cheibriados
Dithmenos
Elyvilon
Fedhas
Gozag
Hepliaklqana
Kikubaaqudgha
Okawaru
Qazlal
Ru
Sif Muna
Trog
Uskayaw
Vehumet
Wu Jian
Xom
Yredelemnul
Zin
The Shining One
Beogh
Jiyva

Shops:
D:1 ?   D:5 =   D:8 *   Orc:1 [   Orc:2 *

Portals:
Trove: D:13 (give 5 scrolls of blinking)


Innate Abilities, Weirdness & Mutations

((You are quick and stealthy near water. (Stealth+, EV+, Speed+++)))
Your lower body shifts to a powerful aquatic tail in water.
You have a beak for a mouth.
You are partially covered in iridescent scales. (AC +2)
You are weak. (Str -2)
Your spells are a little easier to cast, but a little less powerful.


Message History

You reach to attack!
You hit the orc. You freeze the orc.
The orc is heavily wounded.
The orc no longer looks unusually strong.
Reach: E) +5 trident (freeze)
Press: ? - help, Dir - move target, f/p - orc
Aim: an orc, wielding a +0 falchion and wearing a +0 leather armour (grey smoke, heavily wounded, haloed, about 12% to evade your +5 trident of freezing)
You reach to attack!
You hit the orc. You freeze the orc.
You kill the orc!
An orc priest comes into view.
It is wielding a +0 short sword. 6 orcs come into view.
The orc wizard shouts!
The orc sorcerer shouts! x2; The orc warrior shouts!
The orc high priest shouts!
The orc priest shouts!
The orc shouts!
The orc priest calls down the wrath of Beogh upon you.
Beogh smites you!
* * * LOW HITPOINT WARNING * * *
You block the orc priest's attack.
An orc priest comes into view. It is wielding a +3 dagger.
The orc wizard moves out of view.
The orc high priest invokes the aid of Beogh against you.
Beogh smites you!
* * * LOW HITPOINT WARNING * * *
The orc high priest utters an invocation to Beogh.
The orc priest looks encouraged for a moment.
You hear a shout!
The orc priest invokes the aid of Beogh against you.
Beogh smites you!
* * * LOW HITPOINT WARNING * * *
The orc priest looks satisfied for a moment.
The orc sorcerer gestures at you while chanting.
The bolt of negative energy hits the orc priest!!
The orc priest is drained!
The orc priest dies!
The bolt of negative energy misses you.
The orc sorcerer's eyes start to glow.
The orc sorcerer points at you and mumbles some strange words.
The bolt of fire hits you.
* * * LOW HITPOINT WARNING * * *
The smoke demon gestures at you. Beogh smites you!
You die...

.o..o.o.oo#.......[)[.........
#.o)3##................#.
#o#3####.#......#.#......
###o###.##...............
##...#..........#........
#.....#..................
##.#.....................
###....#................
#.....@.........#..<...
####.#...................
#.###....................
#..###...................
###.#..#...................
##.........................#
###.........#...#....[>.......
##........#.............)......
#................#.............


You could see a smoke demon (summoned), an orc sorcerer and an orc warrior.

Vanquished Creatures
  Frances (D:11)
  The ghost of Egithrirag the Severer, a journeyman HOFi of Qazlal (D:15)
  An orc warlord (Orc:2)
  A stone giant (D:15)
  Nessos (D:12)
  Snorg (D:12)
  A fire dragon (Lair:6)
  A yaktaur captain (D:15)
  9 boulder beetles
  10 hydras
  5 vault guards (D:14)
  2 centaur warriors (D:14)
  Erica (D:8)
  2 catoblepae
  An anaconda (Lair:4)
  An ogre mage (D:15)
  8 two-headed ogres
  An alligator (Lair:6)
  2 orc high priests (Orc:2)
  4 tengu warriors
  A fire crab (Lair:6)
  5 skeletal warriors
  A flayed ghost (D:14)
  A golden dragon zombie (D:15)
  5 orc knights
  A necromancer (D:14)
  2 deep elf pyromancers
  A lindwurm (Lair:6)
  A wolf spider (D:11)
  3 orc sorcerers
  An orb spider (shapeshifter) (D:15)
  A cyclops (D:12)
  An ugly thing (D:13)
  A stone giant zombie (D:15)
  2 manticores
  22 elephants
  2 molten gargoyles (Lair:6)
  2 gargoyles
  10 black mambas
  7 cane toads
  3 kobold demonologists
  5 yaktaurs
  An unseen horror (shapeshifter) (D:15)
  An unseen horror (D:13)
  13 rime drakes
  15 komodo dragons
  Psyche (D:9)
  A freezing wraith (D:15)
  An efreet (D:14)
  A jumping spider (Lair:3)
  4 polar bears
  4 trolls
  37 blink frogs
  A hornet (D:11)
  A tyrant leech (Lair:2)
  A meliai zombie (D:10)
  2 redbacks (Lair:3)
  A water elemental (D:15)
  A shadow (D:10)
  A spriggan skeleton (D:15)
  An elf zombie (D:15)
  10 wyverns
  Grum (Lair:1)
  8 basilisks
  52 yaks
  A human (D:14)
  7 vampire mosquitoes
  14 steam dragons
  7 wargs
  A swamp worm (Lair:2)
  2 acid dragons
  23 water moccasins
  Purgy (D:4)
  Duvessa (D:6)
  4 hell hounds (Lair:6)
  28 orc warriors
  An ice beast (D:7)
  2 sky beasts (D:6)
  5 black bears
  A necrophage (D:4)
  11 wolves
  13 ogres
  12 centaurs
  2 phantoms
  5 kobold brigands
  10 bullfrogs
  2 gnoll sergeants (D:7)
  Dowan (D:6)
  5 water moccasin zombies (Ossuary)
  5 scorpions
  5 killer bees (D:10)
  5 wights (D:8)
  2 oklob saplings (D:9)
  2 howler monkeys
  An electric eel (D:15)
  3 centaur zombies
  A bullfrog zombie (D:5)
  5 lava snakes (Lair:6)
  5 hounds
  13 orc priests
  Crazy Yiuf (D:3)
  2 gnoll shamans
  3 iguanas
  Natasha (thrice) (D:3)
  22 orc wizards
  5 hell rats (Lair:3)
  2 killer bee zombies
  2 hound zombies (D:5)
  2 mummies (Ossuary)
  A howler monkey skeleton (D:5)
  2 howler monkey zombies (D:9)
  7 adders
  12 gnolls
  2 white imps
  3 ufetubi
  2 adder zombies (Ossuary)
  A worm (D:4)
  2 dart slugs (D:5)
  84 orcs
  13 ball pythons
  8 endoplasms
  3 gnoll zombies (Ossuary)
  7 goblins
  8 hobgoblins
  2 jackals (D:1)
  4 quokkas
  4 bats
  3 frilled lizards
  24 kobolds
  8 kobold zombies (Ossuary)
  7 orc zombies (Ossuary)
  20 rats
766 creatures vanquished.

Vanquished Creatures (collateral kills)
  An orc warlord (Orc:1)
  2 orc high priests (Orc:1)
  7 orc knights
  2 orc sorcerers (Orc:1)
  6 orc warriors
  3 orc wizards
  4 orcs
25 creatures vanquished.

Vanquished Creatures (others)
  A rime drake (Lair:2)
  An orc priest (Orc:2)
  19 fungi
  82 plants
  A withered plant (D:15)
104 creatures vanquished.

Grand Total: 895 creatures vanquished

Notes
Turn   | Place    | Note
-------+----------+-------------------------------------------
     0 | D:1      | Demosthentine the Merfolk Gladiator began the quest for the
                  | Orb.
     0 | D:1      | Reached XP level 1. HP: 16/16 MP: 1/1
   172 | D:1      | Reached XP level 2. HP: 21/23 MP: 2/2
   317 | D:1      | Found Sabrefuts's Magic Scroll Boutique.
   327 | D:1      | Bought a scroll of identify for 28 gold pieces
   360 | D:1      | Found a faded altar of an unknown god.
  1208 | D:2      | Reached XP level 3. HP: 28/28 MP: 3/3
  1673 | D:3      | Reached skill level 5 in Polearms
  1874 | D:3      | Found a runed translucent door.
  1875 | D:3      | Noticed Crazy Yiuf
  2059 | D:3      | Reached skill level 1 in Armour
  2102 | D:3      | Found a bloodstained altar of Trog.
  2105 | D:3      | Noticed Natasha
  2111 | D:3      | Killed Natasha
  2112 | D:3      | Reached XP level 4. HP: 35/35 MP: 4/4
  2498 | D:3      | Noticed Natasha
  2503 | D:3      | Killed Natasha
  2504 | D:3      | Reached skill level 5 in Dodging
  2504 | D:3      | Reached XP level 5. HP: 26/41 MP: 5/5
  2631 | D:3      | Found a sacrificial altar of Ru.
  2767 | D:3      | Killed Crazy Yiuf
  2830 | D:3      | Noticed Natasha
  2841 | D:3      | Killed Natasha
  2859 | D:4      | Noticed a necrophage
  3123 | D:4      | Killed a necrophage
  3124 | D:4      | Reached skill level 6 in Polearms
  3124 | D:4      | Reached XP level 6. HP: 47/48 MP: 6/6
  3407 | D:4      | Noticed a black bear
  3418 | D:4      | Killed a black bear
  3493 | D:4      | Noticed Purgy
  3511 | D:4      | Killed Purgy
  3512 | D:4      | Reached XP level 7. HP: 47/55 MP: 7/7
  4210 | D:5      | Entered Level 5 of the Dungeon
  4252 | D:5      | Reached skill level 7 in Polearms
  4265 | D:5      | Noticed a wyvern
  4287 | D:5      | Killed a wyvern
  4292 | D:5      | Reached skill level 5 in Fighting
  4402 | D:5      | Found Tait Heyr's Jewellery Boutique.
  4736 | D:5      | Reached XP level 8. HP: 39/62 MP: 8/8
  5019 | D:5      | Reached skill level 8 in Polearms
  5437 | D:6      | Found a staircase to the Ecumenical Temple.
  5491 | D:6      | Reached skill level 9 in Polearms
  5516 | D:6      | Reached XP level 9. HP: 50/70 MP: 9/9
  5544 | Temple   | Entered the Ecumenical Temple
  5642 | Temple   | Became a worshipper of the Shining One
  5707 | D:6      | Found a sand-covered staircase.
  5715 | Ossuary  | Entered an ossuary
  5761 | Ossuary  | Reached * piety under the Shining One
  5857 | Ossuary  | Reached ** piety under the Shining One
  6077 | D:6      | Identified the +2 dagger of Hatred {speed, +Rage}
  6332 | D:6      | Found an ornate altar of the Wu Jian Council.
  6339 | D:6      | Noticed a spectral centipede
  6453 | D:6      | Noticed Duvessa
  6455 | D:6      | Noticed Dowan
  6472 | D:6      | Killed Duvessa
  6479 | D:6      | Killed Dowan
  6942 | D:6      | Gained mutation: You are frail. (-10% HP) [potion of
                  | mutation]
  6942 | D:6      | Gained mutation: You tend to lose your temper in combat.
                  | [potion of mutation]
  6942 | D:6      | Gained mutation: You often lose your temper in combat.
                  | [potion of mutation]
  6969 | D:6      | Lost mutation: You are frail. (-10% HP) [potion of
                  | mutation]
  6969 | D:6      | Lost mutation: You often lose your temper in combat.
                  | [potion of mutation]
  6969 | D:6      | Lost mutation: You tend to lose your temper in combat.
                  | [potion of mutation]
  6969 | D:6      | Gained mutation: You are weak. (Str -2) [potion of
                  | mutation]
  6969 | D:6      | Gained mutation: Your body sometimes deteriorates upon
                  | taking damage. [potion of mutation]
  6969 | D:6      | Gained mutation: Your spells are a little easier to cast,
                  | but a little less powerful. [potion of mutation]
  6969 | D:6      | Gained mutation: You are partially covered in iridescent
                  | scales. (AC +2) [potion of mutation]
  7022 | D:7      | Reached skill level 10 in Polearms
  7276 | D:7      | Found a hazy altar of Hepliaklqana.
  7715 | D:7      | Reached skill level 5 in Armour
  8008 | D:7      | Reached XP level 10. HP: 58/80 MP: 10/10
  8311 | D:8      | Noticed Erica
  8311 | D:8      | Reached *** piety under the Shining One
  8364 | D:8      | Killed Erica
  8365 | D:8      | Reached skill level 11 in Polearms
  8365 | D:8      | Reached skill level 10 in Dodging
  8365 | D:8      | Reached skill level 1 in Shields
  8986 | D:8      | Found a snail-covered altar of Cheibriados.
  8997 | D:8      | Found Zin's Purification Station.
  9000 | D:8      | Found a glowing silver altar of Zin.
  9730 | D:9      | Noticed Psyche
  9745 | D:9      | Killed Psyche
  9746 | D:9      | Reached skill level 1 in Invocations
  9885 | D:9      | Got the Grimoire of Nature
 10579 | D:10     | Entered Level 10 of the Dungeon
 10685 | D:10     | Found a staircase to the Orcish Mines.
 11180 | D:10     | Reached **** piety under the Shining One
 11263 | D:10     | Noticed a two-headed ogre
 11269 | D:10     | Reached XP level 11. HP: 89/89 MP: 13/13
 11299 | D:10     | Killed a two-headed ogre
 11300 | D:10     | Reached skill level 12 in Polearms
 11429 | D:10     | Noticed a two-headed ogre
 11441 | D:10     | Killed a two-headed ogre
 11537 | D:10     | Found an opulent altar of Gozag.
 11806 | D:10     | Identified the +10 scale mail "Xaownu" {rPois}
 12052 | D:11     | Reached skill level 5 in Invocations
 12082 | D:11     | Found a staircase to the Lair.
 12181 | D:11     | Identified the +3 trident of Ignis's Delight {venom, rPois
                  | rN+}
 12257 | D:11     | Reached skill level 10 in Fighting
 12311 | D:11     | Noticed a boulder beetle
 12358 | D:11     | Killed a boulder beetle
 12359 | D:11     | Reached skill level 13 in Polearms
 12408 | D:11     | Noticed a boulder beetle
 12460 | D:11     | Killed a boulder beetle
 12537 | D:11     | Noticed a two-headed ogre
 12537 | D:11     | Noticed a wolf spider
 12537 | D:11     | Noticed a two-headed ogre
 12537 | D:11     | Noticed a boulder beetle
 12537 | D:11     | Noticed a boulder beetle
 12544 | D:11     | Killed a two-headed ogre
 12545 | D:11     | Reached XP level 12. HP: 92/98 MP: 12/16
 12554 | D:11     | Killed a two-headed ogre
 12578 | D:11     | Killed a boulder beetle
 12638 | D:11     | Killed a boulder beetle
 12838 | D:12     | Noticed Frances
 12901 | D:11     | Killed Frances
 12902 | D:11     | Reached skill level 14 in Polearms
 13069 | D:12     | Noticed Snorg
 13086 | D:12     | Killed Snorg
 13157 | D:12     | Found a white marble altar of Elyvilon.
 13282 | D:12     | Noticed Nessos
 13308 | D:12     | Killed Nessos
 13444 | D:12     | Noticed a two-headed ogre
 13451 | D:12     | Killed a two-headed ogre
 13452 | D:12     | Reached XP level 13. HP: 106/106 MP: 19/19
 13710 | D:13     | Found a portal to a secret trove of treasure.
 13821 | D:13     | You fall into a shaft and drop 1 floor!
 13821 | D:14     | Noticed a vault guard
 13821 | D:14     | Noticed a vault guard
 13865 | D:14     | Reached skill level 15 in Polearms
 13976 | D:14     | Reached ***** piety under the Shining One
 14225 | D:13     | Identified the +2 fustibalus "Tidodaef" {freeze, Contam
                  | Will+ rCorr Dex+5}
 14981 | D:14     | Lost mutation: You are partially covered in iridescent
                  | scales. (AC +2) [potion of mutation]
 14981 | D:14     | Lost mutation: Your body sometimes deteriorates upon taking
                  | damage. [potion of mutation]
 14981 | D:14     | Gained mutation: You are partially covered in iridescent
                  | scales. (AC +2) [potion of mutation]
 14981 | D:14     | Gained mutation: You have a beak for a mouth. [potion of
                  | mutation]
 15235 | D:14     | Noticed a vault guard
 15249 | D:14     | Killed a vault guard
 15275 | D:14     | Killed a vault guard
 15317 | D:14     | Reached skill level 16 in Polearms
 15351 | D:14     | Killed a vault guard
 15352 | D:14     | Reached skill level 10 in Invocations
 15365 | D:14     | Found a gate to the Vaults.
 15365 | D:14     | Noticed a vault guard
 15366 | D:14     | Noticed a vault guard
 15380 | D:14     | Killed a vault guard
 15393 | D:14     | Killed a vault guard
 15394 | D:14     | Reached skill level 15 in Dodging
 15534 | D:14     | Found a shimmering blue altar of Sif Muna.
 15596 | D:15     | Entered Level 15 of the Dungeon
 15596 | D:15     | Found a runed translucent gate.
 15597 | D:15     | Found a runed translucent gate.
 15650 | D:15     | Noticed a yaktaur captain
 15650 | D:15     | Noticed a stone giant
 15669 | D:15     | Killed a stone giant
 15670 | D:15     | Reached XP level 14. HP: 94/116 MP: 21/21
 15690 | D:15     | Identified the +12 arbalest of Bimmoffo {flame, Will+
                  | Int+2}
 15691 | D:15     | Identified the +5 triple sword "Tuthiut" {spect, rF+ MP+9}
 15766 | D:15     | Paralysed by an ogre mage for 5 turns
 15770 | D:15     | HP: 3/116 [two-headed ogre (9)]
 16045 | D:15     | Found a staircase to the Depths.
 16584 | D:15     | Reached skill level 17 in Polearms
 16660 | D:15     | Noticed Egithrirag's ghost (journeyman HOFi)
 16679 | D:15     | Found a runed translucent gate.
 16830 | D:15     | Killed Egithrirag's ghost
 16932 | Lair:1   | Entered Level 1 of the Lair of Beasts
 17005 | Lair:1   | Reached ****** piety under the Shining One
 17066 | Lair:1   | Noticed Grum
 17079 | Lair:1   | Killed Grum
 17827 | Lair:2   | Found a staircase to the Swamp.
 17921 | Lair:2   | Reached XP level 15. HP: 117/125 MP: 23/23
 18855 | Lair:3   | Found a hole to the Spider Nest.
 18966 | Lair:3   | Reached skill level 18 in Polearms
 20183 | Lair:5   | Found a staircase to the Slime Pits.
 20183 | Lair:5   | Found a viscous altar of Jiyva.
 21097 | Lair:6   | Entered Level 6 of the Lair of Beasts
 21174 | Lair:6   | Reached XP level 16. HP: 134/134 MP: 24/24
 21315 | Lair:6   | Reached skill level 15 in Fighting
 21430 | Lair:6   | Reached skill level 19 in Polearms
 21710 | Lair:6   | Found a large runed translucent door.
 21711 | Lair:6   | Found a large runed translucent door.
 22431 | Orc:1    | Entered Level 1 of the Orcish Mines
 22532 | Orc:2    | Entered Level 2 of the Orcish Mines
 22594 | Orc:2    | Found Zodebbum's General Store.
 22603 | Orc:2    | Found a staircase to the Elven Halls.
 23010 | Orc:1    | Found Dypuiq's Armour Shoppe.
 23251 | Orc:1    | Bought a +0 cloak of poison resistance for 85 gold pieces
 23251 | Orc:1    | Bought the +4 ring mail "Bug Nicsa" {rElec rPois rC+} for
                  | 492 gold pieces
 23317 | Orc:2    | Found Plog's Specific Store.
 23321 | Orc:2    | Bought a potion of curing for 51 gold pieces
 23587 | Orc:2    | Reached skill level 10 in Armour
 23597 | Orc:2    | Killed from afar by a smoke demon

Illustrated notes

Levels and vault maps discovered:
D:1:      eino_arrival_water_cross, layout_rooms,
          ebering_ecumenical_altar_petrified, serial_shops, nicolae_shop_crystal
D:2:      layout_basic, hex_intersection
D:3:      layout_loops_ring, trog_three_pillars_becter,
          nicolae_ru_path_of_blood, kennysheep_generic_room_5, uniq_natasha,
          uniq_crazy_yiuf_cottage
D:4:      layout_loops_corners, serial_rivers, chequers_serial_rivers_large_b,
          chequers_serial_rivers_small_3, chequers_serial_rivers_room_b,
          chequers_serial_rivers_marsh, chequers_serial_rivers_micro_e,
          chequers_serial_rivers_room_b, minmay_rat_hole, uniq_purgy
D:5:      layout_basic, serial_shops, nicolae_shop_stone
D:6:      layout_basic, pdpol_wu_jian_five_deadly_venoms,
          minmay_temple_entry_grid, nicolae_ossuary_entry_plus, uniq_duvessa
D:7:      kennysheep_housing_project, layout_loops_ring,
          mainiacjoe_overflow_alcove_1
D:8:      layout_loops_cross, mainiacjoe_overflow_tiny_flanked, zin_purify,
          hex_large, dk_noncrumbling_3, uniq_erica
D:9:      layout_layer_cave, introduction_to_nature_2, uniq_psyche
D:10:     layout_roguey [special_room_orc], nicolae_gozag_seed_capital,
          david_orc_3, wad_floor_pattern_2
D:11:     layout_irregular_city, minmay_lair_entry_grove, minmay_joined_circles
D:12:     layout_roguey, elyvilon_altar_5, uniq_frances, uniq_nessos, uniq_snorg
D:13:     layout_basic, nicolae_trove_entry_free_sample
D:14:     layout_rooms, grunt_vaults_entry_fortified, led_sif_pool,
          roderic_lattice_a, minmay_misc_feat_iff, st_stairs_6
D:15:     gammafunk_depths_entry_grave, layout_cave_pools, serial_bayou_shore_a,
          ebering_ghost_rock_garden, minmay_radiant
Temple:   regret_index_temple_generic_petals
Lair:1:   layout_long_grid, grunt_megastairs_4, uniq_grum
Lair:2:   layout_cellular_growth, minmay_swamp_entry_worms,
          bobbens_dragon_lair_wall, infiniplex_staircase_pool_2,
          grunt_megastairs_5
Lair:3:   layout_long_grid, spider_nest_entry_funnel_web, serial_bayou_pond_d
Lair:4:   beast_lair_carwin_large_2, layout_misc_corridors
Lair:5:   layout_hall_layers, slime_altar_1, beast_lair_carwin_5
Lair:6:   cheibrodos_lair_end_hotspot, layout_cave_shapes
Orc:1:    layout_diamond_mine, guppyfry_orc_lava_fort
Orc:2:    st_orc_congregation, layout_caves, nicolae_specific_store

Skill      XL: |  1  2  3  4  5  6  7  8  9 10 11 12 13 14 15 16 |
---------------+-------------------------------------------------+-----
Polearms       | 5 6 7 9 10 11 13 14 16 17 18 19 | 19.7
Armour         | 1 2 3 4 5 8 10 | 10.0
Fighting       | 3 4 5 6 7 9 10 11 12 13 14 15 | 15.6
Dodging        | 5 6 7 8 9 11 12 13 15 16 17 18 | 18.3
Shields        | 3 4 |  4.0
Invocations    | 3 6 8 10 11 | 11.7
Throwing       | |  2.0

Action                   |  1- 3 |  4- 6 |  7- 9 | 10-12 | 13-15 | 16-18 || total
-------------------------+-------+-------+-------+-------+-------+-------++-------
Melee: Trident           |   107 |   114 |   738 |   872 |  1822 |   686 ||  4339
       Tailslap          |       |     1 |       |     1 |    22 |       ||    24
       Unarmed           |       |       |       |     6 |       |       ||     6
       Peck              |       |       |       |       |   469 |   191 ||   660
Throw: Throwing net      |       |     2 |     1 |     2 |       |       ||     5
Invok: Divine Shield     |       |       |       |     2 |       |       ||     2
       Summon Divine War |       |       |       |       |       |     2 ||     2
Evoke: Wand              |       |       |       |     2 |       |     1 ||     3
  Use: Scroll            |     5 |     1 |     4 |     5 |     5 |       ||    20
       Potion            |       |       |     9 |     5 |     4 |     2 ||    20
 Stab: Sleeping          |     1 |     4 |     4 |       |       |       ||     9
       Held in net/web   |       |     3 |       |       |       |       ||     3
Armor: Leather armour    |    16 |    21 |   106 |    57 |       |       ||   200
       Troll leather arm |       |       |       |    47 |   202 |    70 ||   319
       Ring mail         |       |       |       |       |       |     4 ||     4
Dodge: Dodged            |    53 |    63 |   558 |   514 |  1192 |   481 ||  2861
Block: Buckler           |       |       |       |   100 |   378 |   151 ||   629

Table legend: (Time is in decaauts)
 A = Elapsed time spent in this place.
 B = Non-inter-level travel time spent in this place.
 C = Inter-level travel time spent in this place.
 D = Time resting spent in this place.
 E = Time spent auto-exploring this place.
 F = Levels seen in this place.
 G = Mean time per level.
                   A        B        C        D        E       F      G
               +--------+--------+--------+--------+--------+-----+--------+
         Total |  22142 |  21225 |    917 |    519 |  15093 |  25 |  885.7 |
       Dungeon |  15872 |  15215 |    657 |    470 |  11227 |  15 | 1058.1 |
        Temple |    148 |     98 |     50 |      0 |      0 |   1 |  148.0 |
          Lair |   4923 |   4714 |    209 |     36 |   3285 |   6 |  820.5 |
  Orcish Mines |   1011 |   1011 |      0 |     13 |    503 |   2 |  505.5 |
       Ossuary |    186 |    186 |      0 |      0 |     78 |   1 |  186.0 |
               +--------+--------+--------+--------+--------+-----+--------+

Top non-repeatable levels by time:
     D:9: 1590 daAuts
     D:3: 1555 daAuts
     D:6: 1251 daAuts
     D:7: 1195 daAuts
     D:5: 1161 daAuts
     D:4: 1068 daAuts
    D:13: 1019 daAuts
  Lair:6: 1013 daAuts
    D:14: 1012 daAuts
    D:10: 994 daAuts
    D:11: 989 daAuts
  Lair:2: 969 daAuts
     D:2: 926 daAuts
     D:8: 904 daAuts
    D:15: 876 daAuts
